 Dungeon Crawl Stone Soup version 0.29.0-4-gdea44cf6ec (webtiles) character file.

Game seed: 2504424021558109622

196 qw the Chopper (level 5, -7/30 HPs)
             Began as a Tengu Warper on Aug 28, 2022.
             Mangled by a water moccasin (8 damage)
             ... on level 4 of the Dungeon.
             The game lasted 00:00:19 (3220 turns).

qw the Chopper (Tengu Warper)                       Turns: 3220, Time: 00:00:20

Health: -7/30      AC:  8    Str: 13 (14) XL:     5   Next: 74%
Magic:  9/9        EV:  7    Int: 11 (13) God:
Gold:   164        SH:  0    Dex: 13      Spells: 8/8 levels left

rFire   . . .      SeeInvis .   Y - +0 hand axe
rCold   + . .      Faith    .   (no shield)
rNeg    . . .      Spirit   .   i - +0 chain mail
rPois   +          Reflect  .   (helmet restricted)
rElec   .          Harm     .   (no cloak)
rCorr   .          Rampage  .   (no gloves)
Will    .....                   (boots unavailable)
Stlth   ..........              (no amulet)
HPRegen 0.10/turn               g - ring of poison resistance
MPRegen 0.11/turn               k - ring of protection from cold

@: lethally poisoned (-7 -> -12), about to teleport, flying quickly and
evasively, quick
A: beak, talons 3, nimble flight
a: no special abilities


You were on level 4 of the Dungeon.
You visited 1 branch of the dungeon, and saw 4 of its levels.

You collected 164 gold pieces.


Innate Abilities, Weirdness & Mutations

You have a beak for a mouth.
You have claws for feet.
Your magical nature lets you fly swiftly and evasively.


   Skills:
 - Level 2.0 Fighting
 + Level 6.0 Axes
 - Level 1.0 Throwing
 - Level 2.0 Armour
 - Level 2.1 Dodging
 - Level 2.0 Spellcasting
 - Level 2.4 Translocations


You had 8 spell levels left.
You didn't know any spells.
Your spell library contained the following spells:

 Spells                   Type           Power      Damage    Failure   Level
 Blink                    Tloc           12%        N/A       99%         2
 Gell's Gravitas          Tloc           6%         N/A       100%        3
 Lesser Beckoning         Tloc           6%         N/A       100%        3
 Teleport Other           Tloc           6%         N/A       100%        3
 Manifold Assault         Tloc           6%         N/A       100%        5

Inventory:

Hand Weapons
 d - a +2 flail of draining
 Y - a +0 hand axe (weapon)
Armour
 i - a +0 chain mail (worn)
Jewellery
 f - a ring of ice
 g - a ring of poison resistance (left hand)
 k - a ring of protection from cold (right hand)
 l - a ring of positive energy
Scrolls
 a - a scroll of identify
Potions
 e - a potion of might
 j - a potion of curing {unknown}

Dungeon Overview and Level Annotations

Branches:
Dungeon (4/15)
 Temple: D:4-7

Altars:
Qazlal


Message History

(1) D:2 (2) D:3 Assign waypoint to what number? (0-9, D - delete waypoint) Waypoint 1 re-assigned from D:2 to D:4.
You miss the water moccasin. You claw the water moccasin.
The water moccasin is lightly wounded.
The water moccasin bites you! The water moccasin barely misses you.
You hit the water moccasin. Your kick misses the water moccasin.
The water moccasin is moderately wounded.
The water moccasin bites you.
You barely miss the water moccasin. Your kick misses the water moccasin.
The water moccasin is moderately wounded.
The water moccasin barely misses you. x2
You barely miss the water moccasin.
The water moccasin is moderately wounded.
The water moccasin barely misses you.
You completely miss the water moccasin. Your peck misses the water moccasin.
The water moccasin is moderately wounded.
The water moccasin bites you.
You are lethally poisoned!
The water moccasin poisons you!
You closely miss the water moccasin. Your kick misses the water moccasin.
The water moccasin is moderately wounded.
You feel very sick.
The water moccasin bites you but does no damage.
The water moccasin bites you.
You closely miss the water moccasin. Your kick misses the water moccasin.
The water moccasin is moderately wounded.
You feel very sick. The water moccasin closely misses you.
3219 ||| READING scroll of teleportation.
As you read the scroll of teleportation, it crumbles to dust.
You feel strangely unstable.
You feel sick.
The water moccasin bites you but does no damage.
The water moccasin bites you.
You hit the water moccasin. Your kick misses the water moccasin.
Your punch misses the water moccasin.
The water moccasin is moderately wounded.
You feel sick. The water moccasin bites you!
You die...

########
#.....(#
#......#
#......#
#...S..#
#...@).#
.~~~........#
#.~~.##.###...#
##.~ #.. #.# ##
##. . ##


You could see a water moccasin.

Vanquished Creatures
  A hound (D:3)
  An orc wizard (D:3)
  4 gnolls (D:2)
  4 adders
  A worm (D:2)
  A dart slug (D:3)
  6 orcs (D:3)
  4 ball pythons
  5 endoplasms
  4 giant cockroaches
  5 hobgoblins
  2 quokkas
  6 bats
  3 frilled lizards
  3 goblins
  6 kobolds
  6 rats
62 creatures vanquished.

Vanquished Creatures (others)
  An orc (D:3)
1 creature vanquished.

Grand Total: 63 creatures vanquished

Notes
Turn   | Place    | Note
-------+----------+-------------------------------------------
     0 | D:1      | qw the Tengu Warper began the quest for the Orb.
     0 | D:1      | Reached XP level 1. HP: 12/12 MP: 4/4
     0 | D:1      | 0 ||| qw: Version: 0.1-a-89-g26bdef1
     0 | D:1      | 0 ||| qw: Game counter: 3233
     0 | D:1      | 0 ||| qw: Always use a shield: true
     0 | D:1      | 0 ||| qw: God list: Okawaru
     0 | D:1      | 0 ||| qw: Allow faded altars: false
     0 | D:1      | 0 ||| qw: Do Orc after D:15 true
     0 | D:1      | 0 ||| qw: Do second Lair branch before Depths: true
     0 | D:1      | 0 ||| qw: Lair rune preference: random
     0 | D:1      | 0 ||| qw: Plans: Normal
     0 | D:1      | 0 ||| PLANNING D:1-11
   183 | D:1      | Reached XP level 2. HP: 13/17 MP: 6/6
   330 | D:1      | Reached skill level 3 in Axes
   970 | D:1      | 970 ||| UPGRADING to +0 chain mail.
   980 | D:1      | 980 ||| DROPPING +0 leather armour.
   981 | D:1      | 981 ||| UPGRADING to ring of positive energy.
   982 | D:1      | 982 ||| READING scroll labelled SOWEIN ZEH TUCS.
   983 | D:1      | 983 ||| READING scroll labelled LEAJOTALAA.
  1084 | D:1      | 1084 ||| DROPPING scroll of blinking.
  1197 | D:2      | 1197 ||| Stepping ~*~*~tactically~*~*~ (hiding).
  1205 | D:2      | Reached XP level 3. HP: 21/21 MP: 7/7
  1209 | D:2      | Reached skill level 4 in Axes
  1213 | D:2      | 1213 ||| FLEEEEING.
  1215 | D:2      | 1215 ||| FLEEEEING.
  1216 | D:2      | 1216 ||| FLEEEEING.
  1217 | D:2      | 1217 ||| FLEEEEING.
  1218 | D:2      | 1218 ||| FLEEEEING.
  1219 | D:2      | 1219 ||| FLEEEEING.
  1220 | D:2      | 1220 ||| FLEEEEING.
  1221 | D:2      | 1221 ||| FLEEEEING.
  1222 | D:2      | 1222 ||| FLEEEEING.
  1223 | D:2      | 1223 ||| FLEEEEING.
  1224 | D:2      | 1224 ||| FLEEEEING.
  1225 | D:2      | 1225 ||| FLEEEEING.
  1226 | D:2      | 1226 ||| FLEEEEING.
  1227 | D:2      | 1227 ||| FLEEEEING.
  1228 | D:2      | 1228 ||| FLEEEEING.
  1229 | D:2      | 1229 ||| FLEEEEING.
  1230 | D:2      | 1230 ||| FLEEEEING.
  1231 | D:2      | 1231 ||| FLEEEEING.
  1232 | D:2      | 1232 ||| FLEEEEING.
  1233 | D:2      | 1233 ||| FLEEEEING.
  1234 | D:2      | 1234 ||| FLEEEEING.
  1235 | D:2      | 1235 ||| FLEEEEING.
  1236 | D:2      | 1236 ||| STAIRDANCE
  1308 | D:2      | 1308 ||| STAIRDANCE
  1630 | D:2      | Reached XP level 4. HP: 21/26 MP: 8/8
  1658 | D:2      | 1658 ||| FLEEEEING.
  1659 | D:2      | 1659 ||| FLEEEEING.
  1660 | D:2      | 1660 ||| FLEEEEING.
  1698 | D:2      | Found a faded altar of an unknown god.
  1803 | D:2      | Reached skill level 5 in Axes
  2262 | D:2      | 2262 ||| UPGRADING to ring of protection from cold.
  2263 | D:2      | 2263 ||| READING scroll labelled XINORY NIASM.
  2388 | D:2      | 2388 ||| DRINKING 3 fuming white potions.
  2389 | D:2      | 2389 ||| DRINKING 2 cyan potions.
  2390 | D:2      | 2390 ||| DRINKING 2 metallic white potions.
  2391 | D:2      | 2391 ||| DROPPING 2 potions of degeneration.
  2392 | D:2      | 2392 ||| DROPPING potion of magic.
  2444 | D:3      | 2444 ||| FLEEEEING.
  2445 | D:3      | 2445 ||| FLEEEEING.
  2446 | D:3      | 2446 ||| FLEEEEING.
  2447 | D:3      | 2447 ||| FLEEEEING.
  2448 | D:3      | 2448 ||| STAIRDANCE
  2500 | D:2      | 2500 ||| DRINKING 2 coppery potions.
  2566 | D:3      | Gained mutation: Your magical nature lets you fly swiftly
                  | and evasively. [Tengu growth]
  2566 | D:3      | Reached XP level 5. HP: 28/30 MP: 9/9
  2623 | D:3      | Reached skill level 6 in Axes
  2682 | D:3      | 2682 ||| Stepping ~*~*~tactically~*~*~ (stealth).
  2685 | D:3      | Found a stormy altar of Qazlal.
  2686 | D:3      | 2686 ||| Stepping ~*~*~tactically~*~*~ (hiding).
  2707 | D:3      | HP: 6/30 [orc wizard/magic dart (7)]
  2708 | D:3      | 2708 ||| DRINKING potion of heal wounds.
  2834 | D:3      | 2834 ||| Stepping ~*~*~tactically~*~*~ (hiding).
  3187 | D:3      | 3187 ||| UPGRADING to ring of poison resistance.
  3189 | D:3      | 3189 ||| READING scroll labelled CIYDAW TEINTU.
  3190 | D:3      | 3190 ||| READING 2 scrolls labelled BEUTOV ARAEGH.
  3195 | D:3      | 3195 ||| READING scroll labelled SIS ICLIQO.
  3196 | D:3      | 3196 ||| READING scroll labelled IPSATE UTWIUN.
  3197 | D:3      | 3197 ||| READING 3 scrolls of identify.
  3197 | D:3      | 3197 ||| IDENTIFYING fuming inky potion
  3198 | D:3      | 3198 ||| READING 2 scrolls of identify.
  3198 | D:3      | 3198 ||| IDENTIFYING blue potion
  3199 | D:3      | 3199 ||| DROPPING potion of flight.
  3200 | D:3      | 3200 ||| DROPPING potion of attraction.
  3209 | D:4      | Noticed a water moccasin
  3218 | D:4      | HP: 6/30 [poisoned by a water moccasin]
  3219 | D:4      | 3219 ||| READING scroll of teleportation.
  3220 | D:4      | HP: 1/30 [poisoned by a water moccasin]
  3220 | D:4      | Mangled by a water moccasin

Levels and vault maps discovered:
D:1:      ncdulo_wetmaze, layout_loops_corners
D:2:      layout_basic, serial_curves, eino_curves_04, eino_curves_01,
          ebering_ecumenical_altar_sacrificial
D:3:      layout_loops_ring, grunt_qazlal_clouds
D:4:      layout_rooms, serial_rivers, chequers_serial_rivers_micro_a,
          chequers_serial_rivers_large_a, chequers_serial_rivers_room_b,
          chequers_serial_rivers_small_a, chequers_serial_rivers_micro_c,
          chequers_serial_rivers_micro_a, minmay_hollow_rounded_squares

Skill      XL: |  1  2  3  4  5 |
---------------+----------------+-----
Axes           | 3 4 5 6 |  6.0
Armour         | 2 |  2.0
Fighting       | |  2.0
Throwing       | |  1.0
Dodging        | |  2.1
Spellcasting   | |  2.0
Translocations | |  2.4

Action                   |  1- 3 |  4- 6 || total
-------------------------+-------+-------++-------
Melee: Hand axe          |    53 |   123 ||   176
       Kick              |    14 |    25 ||    39
       Peck              |     7 |    18 ||    25
       Punch             |     1 |     2 ||     3
Throw: Boomerang         |    12 |       ||    12
  Use: Scroll            |     2 |     8 ||    10
       Potion            |       |     5 ||     5
Armor: Leather armour    |    12 |       ||    12
       Chain mail        |    10 |    60 ||    70
Dodge: Dodged            |    26 |    45 ||    71

Table legend:
 A = Non-vault XP
 B = Vault XP
 C = Vault XP percentage of total XP
 D = Non-vault monster count
 E = Vault monster count
 F = Vault count percentage of total count
                 A         B        C        D         E       F
            +---------+---------+-------+---------+---------+-------
      Total |     280 |       0 |   0.0 |      62 |       0 |   0.0
            +---------+---------+-------+---------+---------+-------
        D:1 |      22 |       0 |   0.0 |      16 |       0 |   0.0
        D:2 |     118 |       0 |   0.0 |      26 |       0 |   0.0
        D:3 |     140 |       0 |   0.0 |      20 |       0 |   0.0
            +---------+---------+-------+---------+---------+-------
